 Dungeon Crawl Stone Soup version bcrawl-1.14 (webtiles) character file.

Game seed: 8264849511230453507

165 2BsUSBport the Skirmisher (level 5, -4/50 HPs)
             Began as a Naga Fighter on Sept 17, 2019.
             Was an Initiate of Ru.
             Slain by a sky beast (5 damage)
             ... on level 4 of the Dungeon.
             The game lasted 00:08:30 (3249 turns).

2BsUSBport the Skirmisher (Naga Fighter)            Turns: 3249, Time: 00:08:31

Health: -4/50      AC:  6    Str: 26    XL:     5   Next: 46%
Magic:  5/5        EV:  6    Int:  8    God:    Ru [......]
Gold:   216        SH:  9    Dex: 12    Spells: 4/4 levels left

rFire    . . .     SeeInvis +   a - +0 trident
rCold    . . .     Gourm    .   c - +0 shield
rNeg     . . .     Faith    .   b - +0 scale mail
rPois    +         Spirit   .   (no helmet)
rElec    .         Reflect  .   n - +0 cloak
rCorr    .         Harm     .   (no gloves)
MR       .....                  (no barding)
Stlth    ..........             (no amulet)
HPRegen  0.16/turn              k - +3 ring of strength
MPRegen  0.09/turn              (no ring)

@: mighty, flying, very slow
A: large, see invisible, blink, deformed body, poison resistance, slowness 2,
slow metabolism 1, spit poison 2, AC +1
a: Breathe Poison Gas, Blink, Renounce Religion


You were on level 4 of the Dungeon.
You worshipped Ru.
Ru was noncommittal.
You were not hungry.

You visited 1 branch of the dungeon, and saw 4 of its levels.

You collected 216 gold pieces.

Inventory:

Hand Weapons
 a - a +0 trident (weapon)
Armour
 b - a +0 scale mail (worn)
 c - a +0 shield (worn)
 n - a +0 cloak (worn)
Jewellery
 k - a +3 ring of strength (left hand)
 m - a cursed ring of teleportation
Scrolls
 e - 6 scrolls of identify
 h - 2 scrolls of amnesia
Potions
 d - a potion of might
 j - 2 potions of mutation
 l - 2 potions of curing
 o - a potion of degeneration {unknown}


   Skills:
 + Level 3.8 Fighting
 + Level 3.1 Polearms
 + Level 2.8 Armour
 + Level 1.9 Dodging
 + Level 0.9 Stealth
 + Level 2.8 Shields


You had 4 spell levels left.
You didn't know any spells.
Your spell library was empty.

Dungeon Overview and Level Annotations

Branches:
Dungeon (4/12)
 Temple: D:4-7

Altars:
Okawaru
Ru
The Shining One


Innate Abilities, Weirdness & Mutations

You cannot wear boots.
Your serpentine skin is tough. (AC +1)
You have supernaturally acute eyesight. (SInv)
Armour fits poorly on your strangely shaped body.
Your system is resistant to poisons. (rPois)
You cover ground very slowly.
You have a slow metabolism.
You can exhale a cloud of poison.
You can translocate small distances at will.


Message History

It was a potion of flight.
You feel very buoyant.
You fly up into the air.
You feel sick. You block the worker ant's attack.
You block the sky beast's attack.
It was a potion of curing.
You feel better.
The worker ant bites you but does no damage.
The sky beast flickers out of sight for a moment.
The sky beast hits you.
* * * LOW HITPOINT WARNING * * *
The sky beast shocks you.
* * * LOW HITPOINT WARNING * * *
The worker ant bites you.
* * * LOW HITPOINT WARNING * * *
It was a potion of mutation.
You feel extremely strange.
There is a nasty taste in your mouth for a moment.
You feel jittery. The sky beast hits you.
* * * LOW HITPOINT WARNING * * *
The sky beast shocks you.
You die...

... .. .... ...
#!.. .. #... ..
#...##.####
.........#
##..c....###
#...Y.......
#...@.......
........a......
...............
...............
.......#####...
....... ..
....... .
.......


You could see a sky beast (invisible), a centaur and a worker ant.

Vanquished Creatures
  A hound (D:3)
  An orc wizard (D:3)
  Robin (D:3)
  2 adders
  4 worms
  A dart slug (D:1)
  3 leopard geckos
  3 orcs (D:3)
  2 giant cockroaches
  10 goblins
  10 hobgoblins
  3 jackals
  4 kobolds
  5 quokkas
  6 bats
  4 frilled lizards
  A rat (D:3)
61 creatures vanquished.

Notes
Turn   | Place    | Note
-------+----------+-------------------------------------------
     0 | D:1      | 2BsUSBport the Naga Fighter began the quest for the Orb.
     0 | D:1      | Reached XP level 1. HP: 21/21 MP: 1/1
   304 | D:1      | Reached XP level 2. HP: 21/28 MP: 2/2
  1070 | D:2      | Reached XP level 3. HP: 22/34 MP: 3/3
  1925 | D:3      | Reached XP level 4. HP: 41/44 MP: 4/4
  2037 | D:3      | Found a sacrificial altar of Ru.
  2047 | D:3      | Reached skill level 1 in Dodging
  2069 | D:3      | Became a worshipper of Ru the Awakened
  2134 | D:3      | Reached XP level 5. HP: 34/50 MP: 5/5
  2309 | D:3      | Found a glowing golden altar of the Shining One.
  2726 | D:3      | Noticed Robin
  2737 | D:3      | Killed Robin
  3054 | D:3      | Found an iron altar of Okawaru.
  3192 | D:3      | Found a faded altar of an unknown god.
  3227 | D:4      | Noticed a centaur
  3229 | D:4      | Noticed a bullfrog
  3240 | D:4      | Noticed a sky beast
  3248 | D:4      | HP: 2/50 [worker ant (4)]
  3249 | D:4      | Gained mutation: You can exhale a cloud of poison. [potion
                  | of mutation]
  3249 | D:4      | Gained mutation: You can translocate small distances at
                  | will. [potion of mutation]
  3249 | D:4      | Slain by a sky beast

Skill      XL: |  1  2  3  4 |
---------------+-------------+-----
Dodging        | 1 |  1.9
Polearms       | 3 |  3.1
Fighting       | |  3.8
Armour         | |  2.8
Stealth        | |  0.9
Shields        | |  2.8

Action                   |  1- 3 |  4- 6 || total
-------------------------+-------+-------++-------
Melee: Trident           |   140 |   118 ||   258
 Abil: Spit Poison       |       |     2 ||     2
  Use: Scroll            |     7 |     1 ||     8
       Potion            |       |     5 ||     5
  Eat: Ration            |     1 |     1 ||     2
Armor: Scale mail        |    35 |    60 ||    95
Dodge: Dodged            |    20 |    30 ||    50
Block: Shield            |    52 |    83 ||   135
